[Event "January 2 Early 2024"]
[Site "https://www.chess.com"]
[Date "2024.01.02"]
[Round "5"]
[White "Aldokhin, Ivan"]
[Black "Pourkashiyan, Atousa"]
[Result "1-0"]
[Board "84"]
[TimeControl "180+1"]
[WhiteFideId "24115720"]
[BlackFideId "12502014"]
[WhiteElo "2666"]
[BlackElo "2480"]
[WhiteTeam "RUS"]
[BlackTeam "USA"]
[WhiteClock "0:00:08"]
[BlackClock "0:00:36"]

1. e4 c5 2. Nf3 e6 3. d4 cxd4 4. Nxd4 a6 5. Nc3 Qc7 6. Bd3 Nf6 7. Qe2 d6 8. Bd2 Be7 9. O-O Nc6 10. Nxc6 bxc6 11. f4 Qb6+ 12. Kh1 Qxb2 13. Na4 Qd4 14. c4 Qa7 15. e5 dxe5 16. fxe5 Nd7 17. Rxf7 Kxf7 18. Qh5+ g6 19. Rf1+ Kg8 20. Bxg6 Bf6 21. Bf7+ Kf8 22. exf6 Nxf6 23. Qh6+ Kxf7 24. Qxf6+ Ke8 25. Qxh8+ Kd7 26. Rf7+ Kd6 27. Bf4+ e5 28. Qxe5# 1-0

[Event "January 2 Early 2024"]
[Site "https://www.chess.com"]
[Date "2024.01.02"]
[Round "5"]
[White "Srebrnic, Marko"]
[Black "Vlassov, Nikolai"]
[Result "0-1"]
[Board "85"]
[TimeControl "180+1"]
[WhiteFideId "14603616"]
[BlackFideId "4103360"]
[WhiteElo "2480"]
[BlackElo "2663"]
[WhiteTeam "SLO"]
[BlackTeam "FID"]
[WhiteClock "0:01:14"]
[BlackClock "0:02:20"]

1. e4 Nc6 2. g3 d5 3. Nc3 d4 4. Nce2 d3 5. Nc3 dxc2 6. Qxc2 e5 7. Bb5 Ne7 8. Nge2 Bh3 9. d3 a6 10. Bc4 b5 11. Bd5 Nb4 12. Bxf7+ Kxf7 13. Qb3+ Be6 14. Qxb4 Nc6 0-1

[Event "January 2 Early 2024"]
[Site "https://www.chess.com"]
[Date "2024.01.02"]
[Round "5"]
[White "Azali, Tannaz"]
[Black "Jakubowski, Krzysztof"]
[Result "0-1"]
[Board "87"]
[TimeControl "180+1"]
[WhiteFideId "12537721"]
[BlackFideId "1112848"]
[WhiteElo "2478"]
[BlackElo "2653"]
[WhiteTeam "IRI"]
[BlackTeam "POL"]
[WhiteClock "0:00:07"]
[BlackClock "0:00:44"]

1. e4 c5 2. Nf3 d6 3. Bb5+ Bd7 4. Bxd7+ Nxd7 5. O-O Ngf6 6. Re1 Rc8 7. c3 e6 8. d4 cxd4 9. cxd4 d5 10. e5 Ne4 11. Nbd2 Nxd2 12. Bxd2 Be7 13. a3 Nb8 14. Bc3 O-O 15. Re3 Nc6 16. Ne1 Na5 17. Qd3 Nc4 18. Rh3 g6 19. b3 Nxa3 20. Bb2 Qa5 21. b4 Bxb4 22. Bxa3 Bxe1 23. Qd1 Bc3 24. Bb2 Qb4 25. Ba3 Qxd4 26. Rd3 Qxe5 27. Rc1 Rfe8 28. f4 Qf6 29. Kh1 d4 30. Qf3 b5 31. Bd6 b4 32. Be5 Qe7 33. Qh3 f6 34. Bxd4 Bxd4 35. Rcd1 e5 36. fxe5 fxe5 37. Re1 Rc3 0-1

[Event "January 2 Early 2024"]
[Site "https://www.chess.com"]
[Date "2024.01.02"]
[Round "5"]
[White "Cruz Ravina, Francisco Javier"]
[Black "Guerra Tulcan, Lenin"]
[Result "1/2-1/2"]
[Board "88"]
[TimeControl "180+1"]
[WhiteFideId "2228939"]
[BlackFideId "3601382"]
[WhiteElo "2467"]
[BlackElo "2651"]
[WhiteTeam "ESP"]
[BlackTeam "ECU"]
[WhiteClock "0:00:03"]
[BlackClock "0:00:16"]

1. e4 c5 2. Nf3 e6 3. b3 b6 4. Bb2 Bb7 5. Qe2 Nf6 6. d3 Be7 7. g3 d5 8. Nbd2 O-O 9. Bg2 Nbd7 10. e5 Ne8 11. O-O Rc8 12. c4 Qc7 13. Rfe1 Qb8 14. Nf1 Qa8 15. Bc1 d4 16. Bf4 g6 17. h4 Ng7 18. N1h2 Nh5 19. Bh6 Rfe8 20. Qd2 f6 21. exf6 Bxf6 22. Re2 e5 23. Ne1 Bxg2 24. Nxg2 e4 25. Ng4 exd3 26. Nxf6+ Ndxf6 27. Qxd3 Rxe2 28. Qxe2 Re8 29. Qd3 Qe4 30. Qxe4 Nxe4 31. Re1 Kf7 32. Nf4 Nxf4 33. Bxf4 Nc3 34. Rxe8 Kxe8 35. Kf1 Nxa2 36. Bd2 a5 37. Ke2 Kf7 38. Kd3 Ke6 39. Ke4 h5 40. f3 Kf6 41. g4 hxg4 42. fxg4 Ke6 43. h5 gxh5 44. gxh5 Kf6 45. Kd5 a4 46. bxa4 Nc3+ 47. Kc6 Nxa4 48. Kb5 Nb2 49. h6 Kg6 50. Bf4 d3 51. Kxb6 Nxc4+ 52. Kxc5 Ne5 53. Kd4 Nf7 54. Kxd3 Nxh6 1/2-1/2

[Event "January 2 Early 2024"]
[Site "https://www.chess.com"]
[Date "2024.01.02"]
[Round "5"]
[White "Dyulgerov, Volen"]
[Black "Timerkhanov, Alexander"]
[Result "0-1"]
[Board "89"]
[TimeControl "180+1"]
[WhiteFideId "2918978"]
[BlackFideId "24177938"]
[WhiteElo "2465"]
[BlackElo "2641"]
[WhiteTeam "BUL"]
[BlackTeam "RUS"]
[WhiteClock "0:00:02"]
[BlackClock "0:01:30"]

1. e4 c6 2. d4 d5 3. Nd2 dxe4 4. Nxe4 Nf6 5. Ng5 h6 6. Nxf7 Kxf7 7. Nf3 Bf5 8. Ne5+ Kg8 9. Bc4+ Nd5 10. Qh5 e6 11. Qf7+ Kh7 12. g4 Be4 13. g5 Bb4+ 14. c3 Rf8 15. g6+ Kh8 16. Bxh6 Qf6 17. Qxb7 Bxc3+ 18. bxc3 Qxf2+ 19. Kd1 Nxc3+ 20. Kc1 Qc2# 0-1

[Event "January 2 Early 2024"]
[Site "https://www.chess.com"]
[Date "2024.01.02"]
[Round "5"]
[White "Barak, Gil"]
[Black "Cordoba Roa, Angel Gabriel"]
[Result "0-1"]
[Board "90"]
[TimeControl "180+1"]
[WhiteFideId "2812690"]
[BlackFideId "3957624"]
[WhiteElo "2462"]
[BlackElo "2641"]
[WhiteTeam "ISR"]
[BlackTeam "COL"]
[WhiteClock "0:02:45"]
[BlackClock "0:02:38"]

1. e4 e5 2. Nf3 Nc6 3. Bb5 a6 4. Ba4 Nf6 5. d4 exd4 6. O-O Be7 7. Re1 O-O 8. e5 Nd5 9. Bb3 Nb6 10. Nxd4 Nxd4 11. Qxd4 d6 12. exd6 Qxd6 13. Bf4 Qxd4 0-1

[Event "January 2 Early 2024"]
[Site "https://www.chess.com"]
[Date "2024.01.02"]
[Round "5"]
[White "Namitbir Singh Walia"]
[Black "Gontcharov, Vladislav"]
[Result "1/2-1/2"]
[Board "91"]
[TimeControl "180+1"]
[WhiteFideId "35071068"]
[BlackFideId "4123492"]
[WhiteElo "2461"]
[BlackElo "2637"]
[WhiteTeam "IND"]
[BlackTeam "RUS"]
[WhiteClock "0:00:07"]
[BlackClock "0:00:10"]

1. e4 e6 2. d4 d5 3. Nd2 Be7 4. Bd3 c5 5. dxc5 Nf6 6. Ngf3 O-O 7. exd5 exd5 8. Nb3 a5 9. a4 Na6 10. Bxa6 Rxa6 11. O-O Bg4 12. Qd3 Ne4 13. Be3 Bxf3 14. gxf3 Rg6+ 15. Kh1 Qd7 16. fxe4 Qg4 17. Bg5 dxe4 18. Qg3 Qxg5 19. Qxg5 Rxg5 20. Rae1 Bxc5 21. Rxe4 b6 22. Nxc5 Rxc5 23. c3 Rd8 24. Rfe1 Kf8 25. Re7 Rc4 26. Rb7 Rxa4 27. Rxb6 Rf4 28. Kg2 g5 29. Re2 h5 30. Rb5 Rg4+ 31. Kf3 a4 32. h3 Rd3+ 33. Re3 Rf4+ 34. Ke2 Rxe3+ 35. fxe3 Rh4 36. Rxg5 Rxh3 37. Ra5 Rh2+ 38. Kf3 Rxb2 39. Rxa4 Kg7 40. Ra6 f6 41. Rc6 Kg6 42. c4 Rc2 43. c5 Kf5 44. Rc8 Ke6 45. c6 Kd6 46. Rd8+ Ke7 47. Rh8 Rc5 48. c7 Rxc7 49. Rh7+ Kd6 50. Rxh5 Ke6 51. Kf4 Rc1 52. e4 Rf1+ 53. Ke3 Re1+ 54. Kf3 Rf1+ 55. Ke2 Ra1 56. Rb5 Ra3 57. Kf2 Kd6 58. Ke2 Ke6 59. Kf2 Ra2+ 60. Kf3 Ra3+ 61. Kf4 Ra1 62. Rb6+ Kf7 63. Ke3 Re1+ 64. Kd4 Kg6 65. Rb8 Kf7 66. Rb7+ Ke6 67. Rb6+ Ke7 68. Rb7+ Ke6 69. Rb6+ Ke7 70. Rb7+ Ke6 1/2-1/2

[Event "January 2 Early 2024"]
[Site "https://www.chess.com"]
[Date "2024.01.02"]
[Round "5"]
[White "Antunez Soler, Luis"]
[Black "Bulatova, Kamaliya"]
[Result "1-0"]
[Board "92"]
[TimeControl "180+1"]
[WhiteFideId "3513335"]
[BlackFideId "34111546"]
[WhiteElo "2636"]
[BlackElo "2450"]
[WhiteTeam "CUB"]
[BlackTeam "RUS"]
[WhiteClock "0:00:07"]
[BlackClock "0:00:07"]

1. e4 c5 2. Nf3 d6 3. Bb5+ Bd7 4. Bxd7+ Qxd7 5. O-O Nc6 6. Re1 e6 7. c3 Nge7 8. d4 cxd4 9. cxd4 d5 10. e5 Ng6 11. h4 Bb4 12. Nc3 a6 13. h5 Nge7 14. h6 Nf5 15. hxg7 Nxg7 16. Bg5 Rg8 17. Rc1 Nf5 18. Qd3 h6 19. Bf6 Be7 20. Bxe7 Ncxe7 21. b4 Ng6 22. Ne2 Qe7 23. Rc5 Kf8 24. Rec1 Kg7 25. Qd2 Ngh4 26. Nxh4 Qxh4 27. R1c3 Kh8 28. g3 Rg4 29. Rc8+ Rxc8 30. Rxc8+ Kg7 31. Rc3 Qh5 32. Nf4 Qg5 33. Rd3 Rxf4 34. Qxf4 Qxf4 35. gxf4 Kg6 36. Kf1 Kh5 37. f3 Kh4 38. Kf2 h5 39. Rd1 Ng3 40. Rg1 a5 41. Rxg3 axb4 42. Rg1 b3 43. Rh1# 1-0

[Event "January 2 Early 2024"]
[Site "https://www.chess.com"]
[Date "2024.01.02"]
[Round "5"]
[White "Shinkarev, M"]
[Black "Mammadova, Narmin"]
[Result "0-1"]
[Board "93"]
[TimeControl "180+1"]
[WhiteFideId "4145348"]
[BlackFideId "13403710"]
[WhiteElo "2449"]
[BlackElo "2634"]
[WhiteTeam "RUS"]
[BlackTeam "AZE"]
[WhiteClock "0:01:43"]
[BlackClock "0:01:13"]

1. c4 c6 2. e4 d5 3. exd5 cxd5 4. d4 Nf6 5. Nc3 g6 6. cxd5 Bg7 7. Bc4 O-O 8. Nge2 Nbd7 9. O-O Nb6 10. Qb3 Bf5 11. Ng3 Bd7 12. d6 exd6 13. Bf4 Nxc4 14. Qxc4 d5 15. Qb4 Bc6 16. Be5 Rc8 17. a4 Qd7 18. f3 h5 19. Rfe1 h4 20. Nge2 h3 21. g3 Rfe8 22. Nf4 g5 23. Bxf6 Bxf6 24. Nfxd5 Bxd5 25. Nxd5 Qxd5 0-1

[Event "January 2 Early 2024"]
[Site "https://www.chess.com"]
[Date "2024.01.02"]
[Round "5"]
[White "Tregubov, Pavel V."]
[Black "Nemec, Jachym"]
[Result "1-0"]
[Board "94"]
[TimeControl "180+1"]
[WhiteFideId "4115341"]
[BlackFideId "23716525"]
[WhiteElo "2633"]
[BlackElo "2442"]
[WhiteTeam "FRA"]
[BlackTeam "CZE"]
[WhiteClock "0:01:31"]
[BlackClock "0:02:00"]

1. e4 c5 2. Nf3 Nc6 3. Bb5 e5 4. O-O Bd6 5. c3 a6 6. Ba4 b5 7. Bc2 Nge7 8. d4 cxd4 9. cxd4 Nxd4 10. Nxd4 exd4 11. Qxd4 Qc7 12. Nc3 O-O 13. h3 Bb7 14. Bb3 Bh2+ 15. Kh1 Be5 16. Qd3 Bxc3 17. bxc3 Rac8 18. Ba3 Rfe8 19. Qf3 Kh8 20. Bxf7 1-0

[Event "January 2 Early 2024"]
[Site "https://www.chess.com"]
[Date "2024.01.02"]
[Round "5"]
[White "Poltorak, Sebastian"]
[Black "Micic, Aleksa"]
[Result "1-0"]
[Board "95"]
[TimeControl "180+1"]
[WhiteFideId "1199498"]
[BlackFideId "989940"]
[WhiteElo "2632"]
[BlackElo "2442"]
[WhiteTeam "POL"]
[BlackTeam "SRB"]
[WhiteClock "0:02:07"]
[BlackClock "0:00:55"]

1. e4 c5 2. Nc3 d6 3. d4 cxd4 4. Qxd4 Nc6 5. Bb5 Bd7 6. Bxc6 Bxc6 7. Bg5 Qa5 8. Nf3 Nf6 9. O-O-O b5 10. Bxf6 gxf6 11. Kb1 b4 12. Nd5 Rb8 13. Rhe1 Bg7 14. Nh4 e5 15. Qe3 Rc8 16. Nf5 1-0

[Event "January 2 Early 2024"]
[Site "https://www.chess.com"]
[Date "2024.01.02"]
[Round "5"]
[White "Hajiyev, Kanan"]
[Black "Goldin, Roman"]
[Result "1-0"]
[Board "96"]
[TimeControl "180+1"]
[WhiteFideId "13404148"]
[BlackFideId "2803860"]
[WhiteElo "2630"]
[BlackElo "2439"]
[WhiteTeam "AZE"]
[BlackTeam "ISR"]
[WhiteClock "0:01:17"]
[BlackClock "0:00:07"]

1. d4 Nf6 2. Nf3 e6 3. c4 Bb4+ 4. Bd2 Qe7 5. Nc3 O-O 6. g3 d6 7. Bg2 Nbd7 8. O-O a5 9. Qc2 c6 10. Rfd1 e5 11. e4 h6 12. h3 Re8 13. a3 Bxc3 14. Bxc3 exd4 15. Nxd4 Nc5 16. f3 a4 17. Rd2 Nfd7 18. Nf5 Qg5 19. h4 Qg6 20. Bxg7 Ne5 21. Rxd6 Bxf5 22. Rxg6 Bxg6 23. Bxh6 Rad8 24. Be3 Nb3 25. Rd1 Rxd1+ 26. Qxd1 Nxc4 27. Bh6 Kh7 28. Bg5 Nxb2 29. Qe2 Re6 30. Qxb2 Rd6 31. g4 b5 32. h5 1-0

[Event "January 2 Early 2024"]
[Site "https://www.chess.com"]
[Date "2024.01.02"]
[Round "5"]
[White "Bolat, Inayat"]
[Black "Mirzoev, Azer"]
[Result "1/2-1/2"]
[Board "97"]
[TimeControl "180+1"]
[WhiteFideId "13733125"]
[BlackFideId "13400304"]
[WhiteElo "2437"]
[BlackElo "2629"]
[WhiteTeam "KAZ"]
[BlackTeam "AZE"]
[WhiteClock "0:00:04"]
[BlackClock "0:00:00"]

1. e4 c6 2. d4 d5 3. f3 e6 4. Nc3 Nf6 5. e5 Nfd7 6. f4 c5 7. Nf3 Nc6 8. Be3 a6 9. Qd2 b5 10. Be2 Be7 11. O-O b4 12. Nd1 a5 13. g4 h5 14. h3 hxg4 15. hxg4 Ba6 16. Bxa6 Rxa6 17. f5 cxd4 18. fxe6 dxe3 19. Qxd5 fxe6 20. Qd3 Nc5 21. Qg6+ Kd7 22. Nxe3 Kc7 23. c3 bxc3 24. bxc3 Qd3 25. Qxd3 Nxd3 26. Nc4 Bc5+ 27. Kg2 Nf4+ 28. Kg3 Ne2+ 29. Kg2 Nf4+ 30. Kg3 Ng6 31. Rfe1 Rd8 32. Rad1 Rxd1 33. Rxd1 Nce7 34. Ng5 a4 35. Ne4 Ba7 36. Ned6 Nd5 37. Ne8+ Kc6 38. Nxg7 Kc5 39. Nd6 Nxe5 40. Ne4+ Kc4 41. g5 Nxc3 42. Rc1 Bd4 43. Nxc3 Bxc3 44. Nh5 Nd3 45. Rc2 Nb4 46. Re2 Kd3 47. Nf4+ Kc4 48. g6 Nd5 49. Re4+ Kb5 50. Nxe6 Bb2 51. g7 Bxg7 52. Nxg7 Rg6+ 53. Rg4 Rxg4+ 54. Kxg4 Nc3 55. Nf5 Nxa2 56. Ne3 Nb4 57. Nd1 a3 58. Kf3 1/2-1/2

[Event "January 2 Early 2024"]
[Site "https://www.chess.com"]
[Date "2024.01.02"]
[Round "5"]
[White "Jovic, Stanoje"]
[Black "Gullaksen, Eirik"]
[Result "0-1"]
[Board "98"]
[TimeControl "180+1"]
[WhiteFideId "905020"]
[BlackFideId "1500945"]
[WhiteElo "2436"]
[BlackElo "2625"]
[WhiteTeam "SRB"]
[BlackTeam "NOR"]
[WhiteClock "0:00:00"]
[BlackClock "0:00:56"]

1. c4 g6 2. g3 Bg7 3. Bg2 e5 4. Nc3 Nc6 5. Nf3 d6 6. O-O Nge7 7. d3 O-O 8. Rb1 a6 9. b4 Rb8 10. a4 a5 11. b5 Nb4 12. Ba3 c5 13. bxc6 bxc6 14. e4 h6 15. Na2 c5 16. Nc3 Nec6 17. Nd5 f5 18. Bxb4 axb4 19. Nd2 f4 20. f3 h5 21. Nb3 g5 22. Ra1 Ra8 23. Ra2 Na5 24. Nxa5 Rxa5 25. Rff2 Bd7 26. Qf1 Rxa4 27. Rxa4 Bxa4 28. Bh3 Qe8 29. Bf5 fxg3 30. hxg3 Bh6 31. Qh3 Kg7 32. Kf1 Rh8 33. f4 exf4 34. gxf4 g4 35. Qh4 Qf7 36. Ke2 b3 37. Ke3 Rb8 38. Rb2 Bc6 39. Qh2 Bxd5 40. cxd5 Qf6 41. Qxh5 Qd4+ 42. Ke2 Qxb2+ 0-1

[Event "January 2 Early 2024"]
[Site "https://www.chess.com"]
[Date "2024.01.02"]
[Round "5"]
[White "Gabdushev, Ruslan"]
[Black "Souleidis, Georgios"]
[Result "0-1"]
[Board "99"]
[TimeControl "180+1"]
[WhiteFideId "4137833"]
[BlackFideId "4206827"]
[WhiteElo "2435"]
[BlackElo "2622"]
[WhiteTeam "RUS"]
[BlackTeam "GRE"]
[WhiteClock "0:00:25"]
[BlackClock "0:01:01"]

1. b3 d5 2. Bb2 Bf5 3. e3 e6 4. f4 Nf6 5. Nf3 a6 6. Bd3 Nbd7 7. Bxf5 exf5 8. O-O Bd6 9. c4 dxc4 10. bxc4 O-O 11. Qc2 g6 12. Nc3 c6 13. a4 Re8 14. Rab1 Bf8 15. Ba1 Qc7 16. Ne2 Bg7 17. h3 Rad8 18. Bc3 Nc5 19. Ne5 Nfe4 20. d4 Nxc3 21. Nxc3 Ne6 22. Qb3 Re7 23. c5 Rde8 24. Nc4 Nd8 25. Nd1 Qd7 26. Nd6 Rf8 27. Nf2 Kh8 28. Nd3 Rxe3 29. Qc4 Qe6 30. Rb4 Qxc4 31. Rxc4 Rxd3 0-1

[Event "January 2 Early 2024"]
[Site "https://www.chess.com"]
[Date "2024.01.02"]
[Round "5"]
[White "Munoz Galvez, Jhon Edison"]
[Black "Bashirli, Saadat"]
[Result "0-1"]
[Board "100"]
[TimeControl "180+1"]
[WhiteFideId "4403797"]
[BlackFideId "13429990"]
[WhiteElo "2621"]
[BlackElo "2433"]
[WhiteTeam "COL"]
[BlackTeam "AZE"]
[WhiteClock "0:00:00"]
[BlackClock "0:00:07"]

1. d4 Nf6 2. c4 g6 3. Nc3 Bg7 4. e4 d6 5. Nf3 O-O 6. Be2 c5 7. d5 Nbd7 8. O-O a6 9. a4 Ng4 10. h3 Nge5 11. Ne1 f5 12. f4 Nf7 13. exf5 gxf5 14. Nc2 Nf6 15. Bd3 e5 16. fxe5 Nxe5 17. Bxf5 Bxf5 18. Rxf5 Nxc4 19. Bg5 Qd7 20. Qf3 Ne5 21. Qf4 Nh5 22. Rxf8+ Rxf8 23. Qh4 Qf7 24. Ne3 Qg6 25. Kh2 h6 26. Be7 Rf4 27. Qe1 Nd3 28. Qe2 Qg3+ 29. Kg1 Bd4 30. Nd1 Ne5 31. Bxd6 Nf3+ 32. Qxf3 Rxf3 33. Bxg3 Rxg3 34. Kf2 Rg5 0-1

[Event "January 2 Early 2024"]
[Site "https://www.chess.com"]
[Date "2024.01.02"]
[Round "5"]
[White "Avramidou, Anastasia"]
[Black "Sztokbant, Bernardo Vainzoff"]
[Result "1-0"]
[Board "101"]
[TimeControl "180+1"]
[WhiteFideId "4239873"]
[BlackFideId "2115956"]
[WhiteElo "2616"]
[BlackElo "2431"]
[WhiteTeam "GRE"]
[BlackTeam "BRA"]
[WhiteClock "0:00:06"]
[BlackClock "0:00:00"]

1. Nf3 Nf6 2. c4 g6 3. Nc3 Bg7 4. e4 d6 5. d4 O-O 6. h4 Bg4 7. Be2 h5 8. Be3 Nbd7 9. Ng5 Bxe2 10. Qxe2 c5 11. d5 Nh7 12. g4 Ndf6 13. gxh5 Nxh5 14. Bd2 a6 15. O-O-O b5 16. Rdg1 bxc4 17. Nxh7 Kxh7 18. Rg5 Rh8 19. Rhg1 Kg8 20. f4 Kf8 21. f5 Bf6 22. R5g2 Qd7 23. fxg6 fxg6 24. Rxg6 Kf7 25. Bh6 Rxh6 26. Rxh6 Ng7 27. Rh7 Rg8 28. h5 Kf8 29. h6 Ne8 30. Rf1 Qh3 31. Kb1 Rg6 32. Rh8+ Kf7 33. Rxe8 Kxe8 34. Nd1 Qxh6 35. Qxc4 Qh3 36. Qxa6 Rg2 37. Qb5+ Kf8 38. a4 Kg7 39. a5 Rd2 40. Rg1+ Kf7 41. Qf1 Qd3+ 42. Qxd3 Rxd3 43. Kc2 Rd4 44. Nc3 Rb4 45. Ra1 Rb7 46. a6 Ra7 47. Nb5 Ra8 48. a7 Bxb2 49. Kxb2 Rxa7 50. Nxa7 Kf6 51. Nc6 1-0

[Event "January 2 Early 2024"]
[Site "https://www.chess.com"]
[Date "2024.01.02"]
[Round "5"]
[White "Spichkin, Alexander"]
[Black "Andrews, Todd"]
[Result "0-1"]
[Board "102"]
[TimeControl "180+1"]
[WhiteFideId "4144074"]
[BlackFideId "2012456"]
[WhiteElo "2430"]
[BlackElo "2614"]
[WhiteTeam "RUS"]
[BlackTeam "USA"]
[WhiteClock "0:01:05"]
[BlackClock "0:00:13"]

1. f4 d5 2. Nf3 g6 3. e3 Nh6 4. Be2 Nf5 5. O-O c6 6. d3 Qb6 7. d4 Bg7 8. c4 Nd7 9. Nc3 Nf6 10. Bd3 O-O 11. Ne5 h5 12. h3 Ng3 13. Rf3 Nge4 14. Rf1 a6 15. Qc2 Bf5 16. b3 h4 17. Ba3 Rfe8 18. Rac1 Ng3 19. Rf2 Bxd3 20. Nxd3 Nfe4 21. Nxe4 dxe4 22. Ne5 Rad8 23. c5 Qa5 24. Qb2 Nf5 25. b4 Qc7 26. Qd2 Rd5 27. Bb2 Red8 28. a4 Bxe5 29. fxe5 Rxe5 30. Rcf1 Red5 31. Rf4 e5 32. Rxe4 exd4 33. exd4 Qg3 34. Rff4 a5 35. Rg4 Qb3 36. Ref4 Qe3+ 37. Qxe3 Nxe3 38. Rxh4 axb4 39. Re4 Nc4 40. Ba1 b3 41. Re2 Ra8 42. Rhe4 Rxa4 43. Bc3 Ra2 44. Re8+ Kg7 45. Rxa2 bxa2 46. Ra8 Ne3 47. Rxa2 Rg5 48. Re2 Nd5 49. Be1 Rf5 50. Bf2 g5 51. Rb2 Nf4 52. Rxb7 Rd5 53. Rc7 Ne2+ 54. Kh2 Nxd4 55. Bxd4+ Rxd4 56. Rxc6 Rc4 57. Kg3 f6 58. Kf3 Kg6 59. Ke3 Rc2 60. Kd3 Rxg2 61. Re6 Rg3+ 62. Kd4 Rxh3 63. c6 Rh8 64. Kd5 Rc8 65. Kd6 Kf5 66. Re7 g4 67. Rg7 Kf4 68. Ke6 Rxc6+ 69. Kf7 f5 70. Ke7 Kf3 71. Kd7 Ra6 0-1

[Event "January 2 Early 2024"]
[Site "https://www.chess.com"]
[Date "2024.01.02"]
[Round "5"]
[White "Omariev, Maksim"]
[Black "Grycel, Kamil"]
[Result "0-1"]
[Board "103"]
[TimeControl "180+1"]
[WhiteFideId "4193423"]
[BlackFideId "1115499"]
[WhiteElo "2424"]
[BlackElo "2612"]
[WhiteTeam "RUS"]
[BlackTeam "POL"]
[WhiteClock "0:00:00"]
[BlackClock "0:00:07"]

1. g4 d6 2. Bg2 c6 3. h3 e5 4. d4 Nd7 5. c4 h5 6. g5 Ne7 7. Nc3 Nf5 8. d5 Nh4 9. Be4 Nc5 10. Qc2 Bd7 11. Be3 Nxe4 12. Qxe4 Nf5 13. O-O-O Nxe3 14. Qxe3 Be7 15. Nf3 Rc8 16. Qxa7 cxd5 17. cxd5 O-O 18. Qxb7 Bf5 19. h4 Qa5 20. Qb3 Rb8 21. Qa3 Qc7 22. Nd2 Ra8 23. Qb3 Rfb8 24. Qc4 Qb7 25. Nb3 Rc8 0-1

[Event "January 2 Early 2024"]
[Site "https://www.chess.com"]
[Date "2024.01.02"]
[Round "5"]
[White "Rees, Ioan"]
[Black "Manukian, Artak"]
[Result "0-1"]
[Board "104"]
[TimeControl "180+1"]
[WhiteFideId "1801236"]
[BlackFideId "13301373"]
[WhiteElo "2421"]
[BlackElo "2608"]
[WhiteTeam "WLS"]
[BlackTeam "ARM"]
[WhiteClock "0:01:49"]
[BlackClock "0:00:30"]

1. e4 c6 2. Nc3 d5 3. Nf3 dxe4 4. Nxe4 Nf6 5. Qe2 Nxe4 6. Qxe4 Qd5 7. Qxd5 cxd5 8. d4 Bf5 9. c3 Nc6 10. Bb5 e6 11. Bf4 f6 12. Bxc6+ bxc6 13. Kd2 g5 14. Bg3 h5 15. h4 g4 16. Ne1 Bh6+ 17. Kd1 Kd7 18. Nc2 a5 19. Ne3 Be4 20. Rg1 Rhe8 21. b3 e5 22. dxe5 fxe5 23. Ke2 d4 24. Rgd1 c5 25. Kf1 Kc6 26. cxd4 exd4 27. Nc4 Bf8 28. Ne5+ Kd5 29. Nd3 Bxd3+ 30. Rxd3 a4 31. Rc1 axb3 32. axb3 Ra2 33. Re1 Rxe1+ 34. Kxe1 c4 35. bxc4+ Kxc4 36. Rd2 Bb4 0-1

[Event "January 2 Early 2024"]
[Site "https://www.chess.com"]
[Date "2024.01.02"]
[Round "5"]
[White "Luo, Terry"]
[Black "Mayaud, Raphael"]
[Result "1-0"]
[Board "105"]
[TimeControl "180+1"]
[WhiteFideId "30931045"]
[BlackFideId "627151"]
[WhiteElo "2605"]
[BlackElo "2421"]
[WhiteTeam "USA"]
[BlackTeam "FRA"]
[WhiteClock "0:00:31"]
[BlackClock "0:00:08"]

1. Nf3 d5 2. d4 Nf6 3. c4 c6 4. e3 Bg4 5. Be2 e6 6. O-O Nbd7 7. Nbd2 Be7 8. b3 O-O 9. Bb2 a5 10. h3 Bh5 11. a3 Re8 12. Ne5 Bxe2 13. Qxe2 Nxe5 14. dxe5 Nd7 15. e4 Nc5 16. Rfd1 Qb6 17. exd5 cxd5 18. cxd5 exd5 19. Rab1 Ne6 20. Qd3 Red8 21. Nf3 Rac8 22. Bd4 Bc5 23. b4 Bxd4 24. Nxd4 axb4 25. Rxb4 Qc7 26. Re1 Qc3 27. Qxc3 Rxc3 28. Nxe6 fxe6 29. Rxb7 Rxa3 30. Re7 Ra6 31. Rb1 d4 32. Rbb7 d3 33. Rxg7+ Kf8 34. Rxh7 Kg8 35. Rhd7 Raa8 36. Rxd8+ Rxd8 37. Rb1 Kg7 38. f4 Kg6 39. g4 Rd4 40. Rd1 Rxf4 41. Rxd3 Re4 42. Kg2 Rxe5 43. Kg3 Re1 44. h4 e5 45. Ra3 Kf6 46. Ra6+ Kf7 47. h5 e4 48. Kf4 e3 49. Kg5 e2 50. Ra2 Kg7 51. Ra7+ Kf8 52. Ra2 Kf7 53. h6 Kf8 54. h7 Kg7 55. Ra7+ Kh8 56. Kg6 Ra1 57. Rxa1 e1=Q 58. Ra8+ 1-0

[Event "January 2 Early 2024"]
[Site "https://www.chess.com"]
[Date "2024.01.02"]
[Round "5"]
[White "Assylov, Miras"]
[Black "Seletsky, Grigory"]
[Result "1/2-1/2"]
[Board "106"]
[TimeControl "180+1"]
[WhiteFideId "13728873"]
[BlackFideId "14112191"]
[WhiteElo "2604"]
[BlackElo "2419"]
[WhiteTeam "KAZ"]
[BlackTeam "UKR"]
[WhiteClock "0:00:02"]
[BlackClock "0:00:11"]

1. Nf3 b5 2. a4 b4 3. e4 c5 4. Bc4 e6 5. e5 Bb7 6. d3 Nc6 7. O-O Nge7 8. Re1 Ng6 9. Nbd2 d5 10. exd6 Bxd6 11. Ne4 O-O 12. Nxd6 Qxd6 13. Bg5 Nd4 14. Nxd4 Qxd4 15. Be3 Qd6 16. f3 Bd5 17. Qe2 Rfd8 18. Qf2 Rac8 19. b3 Ne7 20. Bg5 f6 21. Be3 Nf5 22. Bc1 Nd4 23. Bb2 e5 24. Bxd4 exd4 25. Bxd5+ Qxd5 26. Re4 Re8 27. Rae1 Qd7 28. Qe2 Kf7 29. Qf2 f5 30. Re5 g6 31. Qh4 h5 32. Qg5 Rxe5 33. Rxe5 Qd6 34. Re2 Re8 35. Rxe8 Kxe8 36. Qh6 Qe6 37. Qh8+ Kd7 38. Kf1 Qe3 39. Qg7+ Kc8 40. Qxa7 Qc1+ 41. Kf2 Qxc2+ 42. Kg3 g5 43. h4 f4+ 44. Kh2 g4 45. Qa6+ Kc7 46. Qa7+ Kc8 47. Qa8+ Kc7 48. Qa5+ Kc8 49. Qa6+ Kc7 50. Qa7+ Kc8 1/2-1/2

[Event "January 2 Early 2024"]
[Site "https://www.chess.com"]
[Date "2024.01.02"]
[Round "5"]
[White "Tiarks, Jann-Christian"]
[Black "Toman, Ondrej"]
[Result "1-0"]
[Board "107"]
[TimeControl "180+1"]
[WhiteFideId "12951595"]
[BlackFideId "344516"]
[WhiteElo "2414"]
[BlackElo "2601"]
[WhiteTeam "GER"]
[BlackTeam "CZE"]
[WhiteClock "0:00:33"]
[BlackClock "0:00:05"]

1. e4 c6 2. d4 d5 3. exd5 cxd5 4. c4 Nf6 5. Nc3 g6 6. Nf3 Bg7 7. a3 O-O 8. c5 Bg4 9. Be2 Ne4 10. O-O Nc6 11. Be3 Rc8 12. h3 Bxf3 13. Bxf3 Nxc3 14. bxc3 Na5 15. Qa4 a6 16. Rab1 Rb8 17. Bf4 e5 18. dxe5 Nc4 19. Rfd1 Nxe5 20. Bxd5 Qe7 21. Qb4 Rfc8 22. c6 Qxb4 23. cxb4 bxc6 24. Ba2 Rd8 25. Re1 Re8 26. Rbd1 Rb7 27. Re3 Rbe7 28. Rde1 Kf8 29. Kf1 f6 30. g4 g5 31. Bg3 Rd8 32. Bxe5 fxe5 33. Rf3+ Ke8 34. Rc1 Rd6 35. Rf5 h6 36. Bb3 Rc7 37. Ba4 Ke7 38. Bb3 Bf6 39. Rf3 Rd4 40. Rfc3 Kd6 41. Ba4 e4 42. Rxc6+ Rxc6 43. Rxc6+ Ke5 44. Ke2 Rd3 45. Rxa6 Rxa3 46. Bb5 Rb3 47. Bd7 Bd8 48. b5 Kf4 49. Ra8 Rb2+ 50. Kf1 Bb6 51. Rf8+ Ke5 52. Rf5+ Kd6 53. Bc6 Bd4 54. Bxe4 Rb3 55. Kg2 Ke6 56. Bd5+ Kd6 57. Bxb3 Bb6 58. Rf6+ Kc5 59. Rxh6 Ba5 60. Ba4 Bd2 61. b6 Bf4 62. b7 Kb4 63. Rb6+ Kxa4 64. b8=Q Bxb8 65. Rxb8 Ka5 66. h4 Ka6 67. hxg5 1-0